[Event "36th German Seniors-ch-65 2024"]
[Site "Bad Wildungen"]
[Date "2024.08.30"]
[Round "8.5"]
[White "Kaeding, Rainer"]
[Black "Heinig, Wolfram"]
[Result "1-0"]
[ECO "B11"]
[WhiteElo "2116"]
[BlackElo "2215"]
[Annotator "RC"]
[PlyCount "51"]
[EventDate "2024.08.22"]
[EventType "swiss"]
[EventCountry "GER"]
[SourceTitle "playchess.com"]
[Source "ChessBase"]
[SourceQuality "1"]
[TimeControl "40/5400+30:1800+30"]

1. e4 c6 2. Nc3 d5 3. Nf3 Nf6 4. e5 Ne4 5. Ne2 Qb6 6. d4 c5 7. Ng3 Bg4 8. Bd3 Nc6 9. Bxe4 dxe4 10. dxc5 Qxc5 11. Nxe4 Qb4+ 12. Ned2 Nxe5 13. O-O Rd8 14. Qe2 Nxf3+ 15. Nxf3 e6 16. h3 Bh5 17. Be3 Bc5 18. Rfd1 O-O 19. c3 Qb6 20. Bxc5 Qxc5 21. Qe4 Qb6 22. b3 Qa6 23. Rxd8 Rxd8 24. Qh4 Qa5 25. b4 Qd5 26. c4 1-0

[Event "36th German Seniors-ch-65 2024"]
[Site "Bad Wildungen"]
[Date "2024.08.30"]
[Round "8.6"]
[White "Vatter, Hans-Joachim"]
[Black "Schrems, Hermann"]
[Result "1-0"]
[ECO "B31"]
[WhiteElo "2212"]
[BlackElo "2118"]
[Annotator "RC"]
[PlyCount "75"]
[EventDate "2024.08.22"]
[EventType "swiss"]
[EventCountry "GER"]
[SourceTitle "playchess.com"]
[Source "ChessBase"]
[SourceQuality "1"]
[TimeControl "40/5400+30:1800+30"]

1. e4 c5 2. Nf3 Nc6 3. Bb5 g6 4. O-O Bg7 5. Re1 e5 6. Bxc6 dxc6 7. d3 Qc7 8. Nbd2 Nf6 9. Nc4 Nd7 10. a4 Nf8 11. a5 Be6 12. Be3 Bxc4 13. dxc4 Ne6 14. c3 h6 15. Qc1 Qe7 16. Re2 g5 17. Nd2 O-O 18. Nf1 Nf4 19. Rd2 Rad8 20. Ng3 Rxd2 21. Qxd2 Rd8 22. Qc2 Bf8 23. a6 bxa6 24. Nf5 Qb7 25. h4 f6 26. Bxf4 exf4 27. Qe2 Rb8 28. Rd1 Qf7 29. Rd6 Re8 30. Rxc6 Qg6 31. Qd3 gxh4 32. e5 Qg5 33. Rxf6 h3 34. Rg6+ Qxg6 35. Ne7+ Rxe7 36. Qxg6+ Rg7 37. Qe6+ Kh7 38. Qxh3 1-0

[Event "36th German Seniors-ch-65 2024"]
[Site "Bad Wildungen"]
[Date "2024.08.30"]
[Round "8.7"]
[White "Zimmermann, Rolf"]
[Black "Chevelevitch, Evgueni"]
[Result "1/2-1/2"]
[ECO "A36"]
[WhiteElo "2107"]
[BlackElo "2334"]
[Annotator "RC"]
[PlyCount "114"]
[EventDate "2024.08.22"]
[EventType "swiss"]
[EventCountry "GER"]
[SourceTitle "playchess.com"]
[Source "ChessBase"]
[SourceQuality "1"]
[TimeControl "40/5400+30:1800+30"]

1. c4 g6 2. g3 Bg7 3. Bg2 c5 4. Nc3 Nc6 5. e3 Nh6 6. Nge2 Nf5 7. b3 d6 8. Bb2 Bd7 9. d3 Rb8 10. Qd2 Qa5 11. O-O a6 12. Rfd1 b5 13. Bxc6 Bxc6 14. e4 Nd4 15. Nxd4 Bxd4 16. Rab1 e6 17. Ne2 Qxd2 18. Rxd2 Bxb2 19. Rbxb2 Ke7 20. f3 f5 21. Nc3 Rhf8 22. Re2 fxe4 23. fxe4 Rf3 24. Rbd2 Rff8 25. Rf2 b4 26. Ne2 a5 27. Nc1 a4 28. Rxf8 Rxf8 29. bxa4 Ra8 30. Nb3 Rxa4 31. e5 dxe5 32. Nxc5 Ra3 33. Nb3 Ba4 34. Nc5 Bc6 35. Kf2 Kd6 36. Nb3 Ba4 37. Nc1 e4 38. Ke3 Rc3 39. Ne2 Rxd3+ 40. Rxd3+ exd3 41. Kxd3 e5 42. Nc1 Bd7 43. Ke3 Be6 44. Nd3 Bxc4 45. Nxb4 Bb5 46. Nd3 Bc6 47. Nb2 Bb5 48. a4 Bc6 49. a5 Bb5 50. Nd3 Bc4 51. h4 h5 52. Nf2 Ba6 53. Ne4+ Kd5 54. Nf2 Bb5 55. Nd3 Kd6 56. Kd2 Kd5 57. Ke3 Kd6 1/2-1/2

[Event "36th German Seniors-ch-65 2024"]
[Site "Bad Wildungen"]
[Date "2024.08.30"]
[Round "8.8"]
[White "Dekan, Hans"]
[Black "Brueggemann, Joachim"]
[Result "0-1"]
[ECO "B01"]
[WhiteElo "2079"]
[BlackElo "2267"]
[Annotator "RC"]
[PlyCount "64"]
[EventDate "2024.08.22"]
[EventType "swiss"]
[EventCountry "GER"]
[SourceTitle "playchess.com"]
[Source "ChessBase"]
[SourceQuality "1"]
[TimeControl "40/5400+30:1800+30"]

1. e4 d5 2. exd5 Qxd5 3. Nc3 Qa5 4. Bc4 Nf6 5. h3 a6 6. d3 b5 7. Bb3 Bb7 8. Nf3 e6 9. Qe2 Nbd7 10. O-O Be7 11. Re1 Qb6 12. d4 c5 13. dxc5 Nxc5 14. Be3 Qc6 15. Rad1 O-O 16. Rd2 Rac8 17. Red1 Na4 18. Bxa4 bxa4 19. a3 Bxa3 20. bxa3 Qxc3 21. Rb1 Bxf3 22. gxf3 Qc4 23. Rb4 Qxe2 24. Rxe2 Nd5 25. Rg4 f5 26. Rd4 Rc6 27. Bd2 Rb8 28. Rxa4 Rb1+ 29. Re1 Rb2 30. Rc1 Kf7 31. Be3 Nc3 32. Bd4 Nxa4 0-1

[Event "36th German Seniors-ch-65 2024"]
[Site "Bad Wildungen"]
[Date "2024.08.30"]
[Round "8.9"]
[White "Rosen, Willy"]
[Black "Nehmert, Ulrich"]
[Result "1/2-1/2"]
[ECO "C44"]
[WhiteElo "2091"]
[BlackElo "2255"]
[Annotator "RC"]
[PlyCount "22"]
[EventDate "2024.08.22"]
[EventType "swiss"]
[EventCountry "GER"]
[SourceTitle "playchess.com"]
[Source "ChessBase"]
[SourceQuality "1"]
[TimeControl "40/5400+30:1800+30"]

1. e4 e5 2. Nf3 Nc6 3. d3 Nf6 4. c3 h6 5. Nbd2 d5 6. Qc2 a5 7. exd5 Nxd5 8. Nc4 Bd6 9. g3 O-O 10. Bg2 Re8 11. O-O Nf6 1/2-1/2

[Event "36th German Seniors-ch-65 2024"]
[Site "Bad Wildungen"]
[Date "2024.08.30"]
[Round "8.10"]
[White "Koehler, Gerhard"]
[Black "Lutz, Albert"]
[Result "1-0"]
[ECO "E98"]
[WhiteElo "2210"]
[BlackElo "2070"]
[Annotator "RC"]
[PlyCount "85"]
[EventDate "2024.08.22"]
[EventType "swiss"]
[EventCountry "GER"]
[SourceTitle "playchess.com"]
[Source "ChessBase"]
[SourceQuality "1"]
[TimeControl "40/5400+30:1800+30"]

1. c4 Nf6 2. Nc3 g6 3. e4 d6 4. d4 Bg7 5. Be2 O-O 6. Nf3 e5 7. O-O Nc6 8. d5 Ne7 9. Ne1 Nd7 10. Be3 b6 11. b4 f5 12. f3 f4 13. Bf2 Rf7 14. Nd3 g5 15. Rc1 Nf6 16. c5 h5 17. Nb5 Ng6 18. cxd6 cxd6 19. Qc2 Ne8 20. Qd1 Bd7 21. a4 Bf8 22. Nb2 Rg7 23. Kh1 Bc8 24. Rc3 Qd7 25. Qc2 Ba6 26. Rc1 g4 27. Qd1 g3 28. Bg1 gxh2 29. Bxh2 Be7 30. Nc7 Bxe2 31. Qxe2 Rc8 32. Ne6 Rxc3 33. Rxc3 Rh7 34. Qb5 Bh4 35. Qxd7 Rxd7 36. Bg1 Kf7 37. Nd3 Nf8 38. Nxf8 Kxf8 39. b5 Bg3 40. Rc8 Rb7 41. Nb4 Kf7 42. Nc6 Nc7 43. Nd8+ 1-0

[Event "36th German Seniors-ch-65 2024"]
[Site "Bad Wildungen"]
[Date "2024.08.30"]
[Round "8.11"]
[White "Wenner, Tobias"]
[Black "Babrikowski, Peter"]
[Result "1/2-1/2"]
[ECO "A34"]
[WhiteElo "2067"]
[BlackElo "2153"]
[Annotator "RC"]
[PlyCount "81"]
[EventDate "2024.08.22"]
[EventType "swiss"]
[EventCountry "GER"]
[SourceTitle "playchess.com"]
[Source "ChessBase"]
[SourceQuality "1"]
[TimeControl "40/5400+30:1800+30"]

1. Nf3 Nf6 2. c4 c5 3. Nc3 d5 4. cxd5 Nxd5 5. g3 b6 6. Bg2 Bb7 7. O-O e6 8. Nxd5 Qxd5 9. d4 cxd4 10. Qxd4 Nd7 11. Rd1 Bc5 12. Qa4 Qc6 13. Qg4 Kf8 14. Ne1 Qc8 15. Bxb7 Qxb7 16. b4 Be7 17. Bb2 Nf6 18. Qc4 Rc8 19. Qb3 h5 20. h4 Nd5 21. b5 Bf6 22. Bxf6 Nxf6 23. Rac1 g6 24. Rxc8+ Qxc8 25. Qb2 Kg7 26. Rc1 Qd7 27. Nd3 Rc8 28. Rxc8 Qxc8 29. Qe5 Qc2 30. Nf4 Qe4 31. Qb2 Qf5 32. f3 Qc5+ 33. Kf1 Qe3 34. Nd3 g5 35. Qe5 Qxe5 36. Nxe5 gxh4 37. gxh4 Nd5 38. Nc6 Nc3 39. Nxa7 Nxa2 40. Nc8 Nc3 41. Nxb6 1/2-1/2

[Event "36th German Seniors-ch-65 2024"]
[Site "Bad Wildungen"]
[Date "2024.08.30"]
[Round "8.12"]
[White "Ruether, Rudolf"]
[Black "Polster, Wolfgang"]
[Result "0-1"]
[ECO "A81"]
[WhiteElo "2065"]
[BlackElo "2112"]
[Annotator "RC"]
[PlyCount "44"]
[EventDate "2024.08.22"]
[EventType "swiss"]
[EventCountry "GER"]
[SourceTitle "playchess.com"]
[Source "ChessBase"]
[SourceQuality "1"]
[TimeControl "40/5400+30:1800+30"]

1. d4 c6 2. Nf3 f5 3. g3 g6 4. Bg2 Bg7 5. O-O Nf6 6. b3 O-O 7. Bb2 a5 8. Nbd2 Na6 9. Re1 Ne4 10. e3 d6 11. Nxe4 fxe4 12. Nd2 d5 13. f3 exf3 14. Bxf3 Nc5 15. e4 Ne6 16. c3 Ng5 17. Qe2 e5 18. dxe5 Rxf3 19. Nxf3 Bg4 20. Rf1 Qb6+ 21. Kg2 Rf8 22. exd5 Rxf3 0-1

[Event "36th German Seniors-ch-65 2024"]
[Site "Bad Wildungen"]
[Date "2024.08.30"]
[Round "8.13"]
[White "Behrens, Harald"]
[Black "Skorna, Ullrich"]
[Result "1-0"]
[ECO "E01"]
[WhiteElo "2206"]
[BlackElo "2058"]
[Annotator "RC"]
[PlyCount "91"]
[EventDate "2024.08.22"]
[EventType "swiss"]
[EventCountry "GER"]
[SourceTitle "playchess.com"]
[Source "ChessBase"]
[SourceQuality "1"]
[TimeControl "40/5400+30:1800+30"]

1. d4 e6 2. Nf3 d5 3. g3 Nf6 4. Bg2 Bd6 5. c4 c6 6. Qc2 Nbd7 7. O-O O-O 8. Nbd2 Qe7 9. b3 b6 10. Bb2 Bb7 11. e4 dxe4 12. Nxe4 Nxe4 13. Qxe4 Ba3 14. Bxa3 Qxa3 15. Ne5 Nxe5 16. Qxe5 Rac8 17. Rfe1 Rfd8 18. Re2 Rd7 19. Rd1 Rcd8 20. Red2 h6 21. f4 Qd6 22. Qe3 Qe7 23. h4 h5 24. Bf3 g6 25. Kg2 Kg7 26. Kf2 Rd6 27. b4 a6 28. Qe5+ f6 29. Qe3 b5 30. c5 R6d7 31. Re1 Qf7 32. Bd1 Re7 33. Bb3 Rde8 34. Qe4 Kh7 35. Rde2 f5 36. Qe5 Kh6 37. Kf1 Rd8 38. Bxe6 Qg7 39. Qxg7+ Kxg7 40. Bb3 Rxe2 41. Rxe2 Kh6 42. Re7 Rxd4 43. Rxb7 Rxb4 44. Bg8 g5 45. hxg5+ Kg6 46. Bb3 1-0

[Event "36th German Seniors-ch-65 2024"]
[Site "Bad Wildungen"]
[Date "2024.08.30"]
[Round "8.14"]
[White "Gruzmann, Boris"]
[Black "Gries, Volker"]
[Result "1-0"]
[ECO "C42"]
[WhiteElo "2167"]
[BlackElo "2012"]
[Annotator "RC"]
[PlyCount "93"]
[EventDate "2024.08.22"]
[EventType "swiss"]
[EventCountry "GER"]
[SourceTitle "playchess.com"]
[Source "ChessBase"]
[SourceQuality "1"]
[TimeControl "40/5400+30:1800+30"]

1. e4 e5 2. Nf3 Nf6 3. Nxe5 d6 4. Nf3 Nxe4 5. Nc3 Nf6 6. d4 Be7 7. d5 O-O 8. Bd3 Bg4 9. h3 Bh5 10. g4 Bg6 11. Bxg6 hxg6 12. Bg5 c6 13. Qd2 Nxd5 14. Nxd5 Bxg5 15. Qxg5 cxd5 16. Qxd8 Rxd8 17. O-O-O Nd7 18. Rxd5 Nb6 19. Rd3 Kf8 20. Re1 Rd7 21. Ng5 Rad8 22. b3 Nc8 23. Rf3 Kg8 24. c4 a6 25. h4 Na7 26. Rfe3 Kf8 27. f4 Nc6 28. Rd1 b5 29. cxb5 axb5 30. Rc3 Ne7 31. Nf3 Ra7 32. Kb1 Rda8 33. Rc2 d5 34. Rd4 Rb7 35. Rb4 Rc8 36. Nd4 Rxc2 37. Kxc2 Rc7+ 38. Kb2 Nc6 39. Nxc6 Rxc6 40. Rxb5 Rf6 41. Rb4 Re6 42. a4 Re2+ 43. Ka3 Ke7 44. a5 Kd6 45. a6 Re8 46. a7 Ra8 47. Rb7 1-0

[Event "36th German Seniors-ch-65 2024"]
[Site "Bad Wildungen"]
[Date "2024.08.30"]
[Round "8.15"]
[White "Erler, Rainer"]
[Black "Larem, Ewald"]
[Result "1-0"]
[ECO "B20"]
[WhiteElo "2122"]
[BlackElo "1998"]
[Annotator "RC"]
[PlyCount "63"]
[EventDate "2024.08.22"]
[EventType "swiss"]
[EventCountry "GER"]
[SourceTitle "playchess.com"]
[Source "ChessBase"]
[SourceQuality "1"]
[TimeControl "40/5400+30:1800+30"]

1. e4 e6 2. b3 c5 3. Bb2 Nc6 4. f4 d5 5. e5 Nh6 6. Nf3 Be7 7. Bd3 Qb6 8. c3 Bd7 9. Qc2 g6 10. Na3 Rc8 11. Qc1 a6 12. Nc2 Qa7 13. Qd1 b5 14. Be2 O-O 15. O-O f6 16. d4 cxd4 17. cxd4 fxe5 18. fxe5 Nf5 19. Kh1 b4 20. Qd2 Qb6 21. Ne3 Na7 22. Nxf5 Rxf5 23. Bd3 Rf7 24. Ng5 Rxf1+ 25. Rxf1 Bb5 26. Nf7 Rf8 27. Nh6+ Kg7 28. Rxf8 Bxf8 29. Qf4 Qd8 30. Qf7+ Kxh6 31. Bc1+ g5 32. Qxh7# 1-0

[Event "36th German Seniors-ch-65 2024"]
[Site "Bad Wildungen"]
[Date "2024.08.30"]
[Round "8.16"]
[White "Ellenberg, Ekkehard"]
[Black "Kannenberg, Karl-Heinz"]
[Result "1/2-1/2"]
[ECO "B11"]
[WhiteElo "1998"]
[BlackElo "2121"]
[Annotator "RC"]
[PlyCount "77"]
[EventDate "2024.08.22"]
[EventType "swiss"]
[EventCountry "GER"]
[SourceTitle "playchess.com"]
[Source "ChessBase"]
[SourceQuality "1"]
[TimeControl "40/5400+30:1800+30"]

1. e4 c6 2. Nc3 d5 3. Nf3 Bg4 4. Be2 e6 5. d3 Nf6 6. Nd2 Bxe2 7. Qxe2 Bb4 8. e5 Nfd7 9. Qg4 Bf8 10. f4 g6 11. Qe2 Qb6 12. Nf3 Be7 13. Qf2 Qxf2+ 14. Kxf2 a6 15. Ne2 c5 16. c3 Nc6 17. Bd2 O-O 18. Rac1 Rfc8 19. Rc2 b5 20. b3 Rab8 21. Rb1 a5 22. a3 Nb6 23. Ra2 Kg7 24. Re1 a4 25. b4 d4 26. bxc5 dxc3 27. Nxc3 Bxc5+ 28. Ke2 b4 29. axb4 Nxb4 30. Rb2 a3 31. Rb3 N6d5 32. Ne4 Be7 33. Nd6 Rc2 34. Rxa3 Nxf4+ 35. Kd1 Nfxd3 36. Rxd3 Nxd3 37. Kxc2 Nxe1+ 38. Bxe1 h6 39. Bc3 1/2-1/2

[Event "36th German Seniors-ch-65 2024"]
[Site "Bad Wildungen"]
[Date "2024.08.30"]
[Round "8.17"]
[White "Schulz, Michael"]
[Black "Hanisch, Friedrich"]
[Result "1/2-1/2"]
[ECO "D10"]
[WhiteElo "2109"]
[BlackElo "2012"]
[Annotator "RC"]
[PlyCount "111"]
[EventDate "2024.08.22"]
[EventType "swiss"]
[EventCountry "GER"]
[SourceTitle "playchess.com"]
[Source "ChessBase"]
[SourceQuality "1"]
[TimeControl "40/5400+30:1800+30"]

1. d4 d5 2. Bf4 Nf6 3. e3 Bf5 4. c4 c6 5. Nc3 e6 6. Qb3 Qb6 7. c5 Qxb3 8. axb3 Nbd7 9. b4 Nh5 10. Nf3 Nxf4 11. exf4 Be7 12. b5 O-O 13. b4 f6 14. bxc6 bxc6 15. b5 Rfc8 16. bxc6 Rxc6 17. Bb5 Rc7 18. O-O a5 19. Rfe1 Kf7 20. Nh4 g6 21. h3 h5 22. Ra2 Nxc5 23. Nxf5 gxf5 24. dxc5 Rxc5 25. Bd7 Rxc3 26. Bxe6+ Kf8 27. Bxd5 Ra7 28. Rb1 a4 29. Be6 a3 30. Rb8+ Kg7 31. Rg8+ Kh7 32. Re8 Kg7 33. Bxf5 Rb3 34. Rc8 Rb2 35. Rc2 Rxc2 36. Bxc2 h4 37. Bb3 Rb7 38. Be6 Bd6 39. g3 hxg3 40. fxg3 Re7 41. Bd5 Re3 42. Kg2 Rd3 43. Be4 Rc3 44. Rd2 Bc5 45. h4 Be7 46. Rd7 Kf8 47. Rd2 Bb4 48. Rd8+ Ke7 49. Ra8 Rb3 50. Bd5 Rd3 51. Bg8 Be1 52. Kf1 Bxg3 53. Ke2 Rc3 54. Kd2 Rf3 55. Ke2 Rxf4 56. Rxa3 1/2-1/2

[Event "36th German Seniors-ch-65 2024"]
[Site "Bad Wildungen"]
[Date "2024.08.30"]
[Round "8.18"]
[White "Gollasch, Theo-Heinz"]
[Black "Krueger, Erich"]
[Result "1/2-1/2"]
[ECO "D76"]
[WhiteElo "2006"]
[BlackElo "2085"]
[Annotator "RC"]
[PlyCount "38"]
[EventDate "2024.08.22"]
[EventType "swiss"]
[EventCountry "GER"]
[SourceTitle "playchess.com"]
[Source "ChessBase"]
[SourceQuality "1"]
[TimeControl "40/5400+30:1800+30"]

1. Nf3 Nf6 2. g3 g6 3. Bg2 Bg7 4. d4 O-O 5. c4 d5 6. cxd5 Nxd5 7. O-O Nb6 8. Nc3 Nc6 9. e3 Bg4 10. h3 Be6 11. b3 Nd5 12. Bb2 Nxc3 13. Bxc3 Bd5 14. Qe2 Be4 15. Rac1 e6 16. Rfd1 Qe7 17. Bf1 f5 18. Nd2 Bd5 19. f4 Qd8 1/2-1/2

[Event "36th German Seniors-ch-65 2024"]
[Site "Bad Wildungen"]
[Date "2024.08.30"]
[Round "8.19"]
[White "Schmidt, Gerhard"]
[Black "Vasiljev, Jurij"]
[Result "1/2-1/2"]
[ECO "B75"]
[WhiteElo "2088"]
[BlackElo "1993"]
[Annotator "RC"]
[PlyCount "57"]
[EventDate "2024.08.22"]
[EventType "swiss"]
[EventCountry "GER"]
[SourceTitle "playchess.com"]
[Source "ChessBase"]
[SourceQuality "1"]
[TimeControl "40/5400+30:1800+30"]

1. e4 c5 2. Nf3 d6 3. d4 cxd4 4. Nxd4 Nf6 5. Nc3 a6 6. f3 g6 7. Be3 Bg7 8. Qd2 Nc6 9. g4 h5 10. g5 Nd7 11. f4 Nxd4 12. Bxd4 e5 13. Be3 exf4 14. Bxf4 Ne5 15. O-O-O Bg4 16. Be2 Bxe2 17. Qxe2 O-O 18. Kb1 Rc8 19. Nd5 Nc4 20. Bc1 Re8 21. Rhf1 Re6 22. b3 Nb6 23. Qf2 Nxd5 24. Qxf7+ Kh8 25. exd5 Re2 26. Qxg6 Rcxc2 27. Qxh5+ Kg8 28. Qf7+ Kh8 29. Qh5+ 1/2-1/2

[Event "36th German Seniors-ch-65 2024"]
[Site "Bad Wildungen"]
[Date "2024.08.30"]
[Round "8.20"]
[White "Kuempers, Ulrich"]
[Black "Haubt, Georg"]
[Result "0-1"]
[ECO "D93"]
[WhiteElo "1991"]
[BlackElo "2063"]
[Annotator "RC"]
[PlyCount "33"]
[EventDate "2024.08.22"]
[EventType "swiss"]
[EventCountry "GER"]
[SourceTitle "playchess.com"]
[Source "ChessBase"]
[SourceQuality "1"]
[TimeControl "40/5400+30:1800+30"]

1. d4 Nf6 2. c4 g6 3. Nc3 d5 4. Bf4 c6 5. e3 Bg7 6. Qb3 O-O 7. Nf3 Qc7 8. Nd2 Nbd7 9. cxd5 cxd5 10. Be2 a6 11. O-O e6 12. Rfc1 Re8 13. Nf3 Bf8 14. Ne5 Nxe5 15. Bxe5 Nd7 16. Bg3 Qd8 17. Be5 0-1

[Event "36th German Seniors-ch-65 2024"]
[Site "Bad Wildungen"]
[Date "2024.08.30"]
[Round "8.21"]
[White "Kuhn, Gerd"]
[Black "Ehlert, Horst"]
[Result "1-0"]
[ECO "A46"]
[WhiteElo "2063"]
[BlackElo "1951"]
[Annotator "RC"]
[PlyCount "79"]
[EventDate "2024.08.22"]
[EventType "swiss"]
[EventCountry "GER"]
[SourceTitle "playchess.com"]
[Source "ChessBase"]
[SourceQuality "1"]
[TimeControl "40/5400+30:1800+30"]

1. d4 Nf6 2. Nf3 e6 3. Bf4 c5 4. e3 Qb6 5. Qc1 d5 6. Nbd2 Be7 7. h3 O-O 8. c3 Bd7 9. a4 Nc6 10. Bd3 Rac8 11. Qb1 Rfd8 12. g4 g6 13. Ne5 a5 14. Ndf3 Be8 15. h4 Ne4 16. g5 Bd6 17. Nh2 cxd4 18. Nxc6 Rxc6 19. Bxd6 Nxd6 20. exd4 Nc4 21. Ng4 Kg7 22. Nf6 Rcc8 23. b3 Nd6 24. Qb2 h5 25. Rh3 Qc7 26. Rc1 Nf5 27. Bxf5 exf5 28. Qd2 Bc6 29. f4 b5 30. axb5 Bxb5 31. Kf2 Qd6 32. Ra1 Ra8 33. Rf3 a4 34. bxa4 Rxa4 35. Rxa4 Bxa4 36. Kg3 Bb5 37. Re3 Qa6 38. Re5 Qa1 39. Qe1 Rc8 40. Qxa1 1-0

[Event "36th German Seniors-ch-65 2024"]
[Site "Bad Wildungen"]
[Date "2024.08.30"]
[Round "8.22"]
[White "Zuehlke, Burkhard"]
[Black "Westermann, Johannes"]
[Result "1-0"]
[ECO "D36"]
[WhiteElo "1999"]
[BlackElo "2055"]
[Annotator "RC"]
[PlyCount "51"]
[EventDate "2024.08.22"]
[EventType "swiss"]
[EventCountry "GER"]
[SourceTitle "playchess.com"]
[Source "ChessBase"]
[SourceQuality "1"]
[TimeControl "40/5400+30:1800+30"]

1. d4 d5 2. c4 e6 3. Nc3 Nf6 4. cxd5 exd5 5. Bg5 c6 6. Qc2 Be7 7. e3 O-O 8. Bd3 Nbd7 9. Nge2 Re8 10. O-O Nf8 11. f3 Be6 12. Rad1 Rc8 13. Kh1 a6 14. a3 a5 15. Na4 N6d7 16. Bf4 Bg5 17. Bxg5 Qxg5 18. f4 Qh6 19. f5 b5 20. fxe6 Rxe6 21. Nc5 Nxc5 22. dxc5 Rxe3 23. Nd4 g6 24. Qf2 Re7 25. Qf6 Rcc7 26. Nf5 1-0

[Event "36th German Seniors-ch-65 2024"]
[Site "Bad Wildungen"]
[Date "2024.08.31"]
[Round "9.1"]
[White "Juhnke, Juergen"]
[Black "Vatter, Hans-Joachim"]
[Result "1-0"]
[ECO "C07"]
[WhiteElo "2259"]
[BlackElo "2212"]
[Annotator "RC"]
[PlyCount "76"]
[EventDate "2024.08.22"]
[EventType "swiss"]
[EventCountry "GER"]
[SourceTitle "playchess.com"]
[Source "ChessBase"]
[SourceQuality "1"]
[TimeControl "40/5400+30:1800+30"]

1. e4 e6 2. d4 d5 3. Nd2 c5 4. exd5 Qxd5 5. Ngf3 cxd4 6. Bc4 Qd6 7. Qe2 Nc6 8. Nb3 Nf6 9. Bg5 Be7 10. O-O-O Nd5 11. Bxd5 Bxg5+ 12. Nxg5 Qxd5 13. Nf3 O-O 14. c4 Qh5 15. Nbxd4 Nxd4 16. Rxd4 Qa5 17. Kb1 f6 18. Rhd1 e5 19. Rd5 Bf5+ 20. Ka1 Qc7 21. b3 Rfe8 22. Qe3 b6 23. Qd2 Re7 24. Rd6 Rae8 25. h3 Qc5 26. g4 Bc8 27. Nh4 Be6 28. f3 b5 29. cxb5 Qxb5 30. g5 f5 31. g6 h6 32. Rd8 f4 33. Qc3 Bxh3 34. a4 Qb6 35. R8d6 Qf2 36. Qc4+ Kh8 37. Qf7 Rxf7 38. gxf7 Rf8 1-0

[Event "36th German Seniors-ch-65 2024"]
[Site "Bad Wildungen"]
[Date "2024.08.31"]
[Round "9.2"]
[White "Rosen, Bernd"]
[Black "Podat, Vladimir"]
[Result "1/2-1/2"]
[ECO "A20"]
[WhiteElo "2245"]
[BlackElo "2157"]
[Annotator "RC"]
[PlyCount "46"]
[EventDate "2024.08.22"]
[EventType "swiss"]
[EventCountry "GER"]
[SourceTitle "playchess.com"]
[Source "ChessBase"]
[SourceQuality "1"]
[TimeControl "40/5400+30:1800+30"]

1. c4 e5 2. g3 c6 3. Nf3 e4 4. Nd4 d5 5. cxd5 Qxd5 6. Nc2 Nf6 7. Nc3 Qe5 8. d3 exd3 9. Qxd3 Na6 10. Bf4 Qh5 11. Bg2 Be7 12. Bd6 Bxd6 13. Qxd6 Qc5 14. Qxc5 Nxc5 15. b4 Ne6 16. e4 c5 17. e5 cxb4 18. Nxb4 Ng4 19. Ncd5 Nxe5 20. f4 Nc6 21. Nxc6 bxc6 22. Nb4 Bd7 23. Rd1 Rb8 1/2-1/2

[Event "36th German Seniors-ch-65 2024"]
[Site "Bad Wildungen"]
[Date "2024.08.31"]
[Round "9.3"]
[White "Buchal, Stephan"]
[Black "Kaeding, Rainer"]
[Result "1/2-1/2"]
[ECO "A20"]
[WhiteElo "2215"]
[BlackElo "2116"]
[Annotator "RC"]
[PlyCount "50"]
[EventDate "2024.08.22"]
[EventType "swiss"]
[EventCountry "GER"]
[SourceTitle "playchess.com"]
[Source "ChessBase"]
[SourceQuality "1"]
[TimeControl "40/5400+30:1800+30"]

1. c4 e5 2. g3 Nf6 3. Bg2 c6 4. Nf3 e4 5. Nd4 d5 6. d3 Bb4+ 7. Nc3 c5 8. Nc2 Bxc3+ 9. bxc3 exd3 10. Qxd3 Be6 11. Bg5 O-O 12. cxd5 Bg4 13. e4 Nbd7 14. f3 Ne5 15. Qe2 Bd7 16. O-O Qa5 17. f4 Bb5 18. Qd2 Bxf1 19. Rxf1 Nc4 20. Qd3 Nb2 21. Qf3 Qxa2 22. e5 Nc4 23. Qd3 Nb2 24. Qf3 Nc4 25. Qd3 Nb2 1/2-1/2

[Event "36th German Seniors-ch-65 2024"]
[Site "Bad Wildungen"]
[Date "2024.08.31"]
[Round "9.4"]
[White "Brueggemann, Joachim"]
[Black "Okrajek, Alexander"]
[Result "1-0"]
[ECO "B15"]
[WhiteElo "2267"]
[BlackElo "2172"]
[Annotator "RC"]
[PlyCount "76"]
[EventDate "2024.08.22"]
[EventType "swiss"]
[EventCountry "GER"]
[SourceTitle "playchess.com"]
[Source "ChessBase"]
[SourceQuality "1"]
[TimeControl "40/5400+30:1800+30"]

1. e4 c6 2. d4 d5 3. Nc3 dxe4 4. Nxe4 Nf6 5. Nxf6+ exf6 6. c3 Bd6 7. Bd3 O-O 8. Qc2 Re8+ 9. Ne2 h5 10. O-O h4 11. Bd2 h3 12. Rfe1 Nd7 13. gxh3 Nf8 14. Bf5 Qc7 15. Ng3 Bxf5 16. Qxf5 Ng6 17. Qg4 Bf4 18. Be3 c5 19. h4 cxd4 20. cxd4 Bxe3 21. fxe3 Qc6 22. Rac1 Qe6 23. Qxe6 Rxe6 24. h5 Nh4 25. Kf2 Rb6 26. Re2 a5 27. Rc4 Rb4 28. Rec2 Ra6 29. Rxb4 axb4 30. Rc4 Rb6 31. d5 g5 32. e4 Kg7 33. Ke3 f5 34. exf5 Ng2+ 35. Kd4 Nf4 36. Ne4 Nxh5 37. Kc5 Ra6 38. Rxb4 Ra8 1-0

[Event "36th German Seniors-ch-65 2024"]
[Site "Bad Wildungen"]
[Date "2024.08.31"]
[Round "9.5"]
[White "Klundt, Klaus"]
[Black "Koehler, Gerhard"]
[Result "1-0"]
[ECO "D42"]
[WhiteElo "2264"]
[BlackElo "2210"]
[Annotator "RC"]
[PlyCount "53"]
[EventDate "2024.08.22"]
[EventType "swiss"]
[EventCountry "GER"]
[SourceTitle "playchess.com"]
[Source "ChessBase"]
[SourceQuality "1"]
[TimeControl "40/5400+30:1800+30"]

1. e4 c6 2. d4 d5 3. exd5 cxd5 4. c4 Nf6 5. Nc3 e6 6. Nf3 Be7 7. cxd5 Nxd5 8. Bd3 Nc6 9. O-O O-O 10. Re1 Bf6 11. Be4 Nxc3 12. bxc3 Qc7 13. Qd3 h6 14. Rb1 Rd8 15. Qe2 Be7 16. Bc2 Bf8 17. Qe4 g6 18. Bf4 Qa5 19. Ne5 Ne7 20. Qf3 Nf5 21. Ng4 Qxa2 22. Bxf5 exf5 23. Nxh6+ Bxh6 24. Bxh6 Qd5 25. Qf4 Bd7 26. Bg5 Re8 27. Bf6 1-0

[Event "36th German Seniors-ch-65 2024"]
[Site "Bad Wildungen"]
[Date "2024.08.31"]
[Round "9.6"]
[White "Polster, Wolfgang"]
[Black "Gruzmann, Boris"]
[Result "1-0"]
[ECO "C47"]
[WhiteElo "2112"]
[BlackElo "2167"]
[Annotator "RC"]
[PlyCount "75"]
[EventDate "2024.08.22"]
[EventType "swiss"]
[EventCountry "GER"]
[SourceTitle "playchess.com"]
[Source "ChessBase"]
[SourceQuality "1"]
[TimeControl "40/5400+30:1800+30"]

1. e4 e5 2. Nf3 Nc6 3. Nc3 Nf6 4. g3 d5 5. exd5 Nxd5 6. Bg2 Nxc3 7. bxc3 Be7 8. d3 O-O 9. O-O f5 10. Rb1 Bf6 11. Be3 Re8 12. Nd2 Na5 13. Bc5 Be6 14. c4 e4 15. Re1 Bc3 16. Bb4 Bxb4 17. Rxb4 Kh8 18. Rb5 b6 19. g4 c6 20. Re5 Qd6 21. Qa1 Bd7 22. Rxe8+ Rxe8 23. dxe4 Qxd2 24. Rd1 Qg5 25. Rxd7 fxe4 26. Qd4 c5 27. Qd5 Qc1+ 28. Bf1 h6 29. Qf7 Rg8 30. Qe6 Qxc2 31. Rf7 e3 32. fxe3 Qd1 33. h3 Qd8 34. Qg6 Qe8 35. Kf2 Qe5 36. Bd3 Qh2+ 37. Ke1 Qg3+ 38. Ke2 1-0